 Dungeon Crawl Stone Soup version 0.31.0-9-g3a7656b989 (webtiles) character file.

Game seed: 7801226891026756122

9407 qw the Skirmisher (level 11, -13/67 HPs)
             Began as a Deep Elf Hunter on Feb 2, 2024.
             Was an Elder of Okawaru.
             Mangled by a komodo dragon (20 damage)
             ... on level 1 of the Lair of Beasts.
             The game lasted 00:01:00 (9495 turns).

qw the Skirmisher (Deep Elf Hunter)                 Turns: 9495, Time: 00:01:00

Health: -13/67     AC: 10    Str: 13    XL:     11   Next: 22%
Magic:  12/17      EV: 21    Int: 20    God:    Okawaru [****..]
Gold:   551        SH:  0    Dex: 26    Spells: 10/10 levels left

rFire   + . .        b - +4 sling of the Gloaming {speed, rElec rF+ Str+3 Int+5}
rCold   . . .        (no shield)
rNeg    . . .        g - +0 acid dragon scales
rPois   .            d - +0 helmet
rElec   +            n - +0 cloak
rCorr   +            (no gloves)
SInv    .            j - +0 pair of boots
Will    +....        (no amulet)
Stlth   ++           t - +6 ring of dexterity
HPRegen 0.31/turn    a - +4 ring of slaying {mikee}
MPRegen 0.15/turn

%: no passive effects
@: finesse-ful
A: no striking features
a: Renounce Religion, Heroism, Finesse


You were on level 1 of the Lair of Beasts.
You worshipped Okawaru.
Okawaru was greatly pleased with you.
You visited 3 branches of the dungeon, and saw 12 of its levels.

You collected 633 gold pieces.
You spent 82 gold pieces at shops.


   Skills:
 - Level 7.0 Fighting
 - Level 14.1 Ranged Weapons
 - Level 4.3 Armour
 + Level 11.4 Dodging
 - Level 1.2 Stealth
 + Level 5.4 Invocations


You had 10 spell levels left.
You didn't know any spells.
Your spell library was empty.

Inventory:

Hand Weapons
 b - the +4 sling of the Gloaming (weapon) {speed, rElec rF+ Str+3 Int+5}
   (You found it on level 4 of the Dungeon)

   Str+3:     It affects your strength (+3).
   Int+5:     It affects your intelligence (+5).
   rF+:       It protects you from fire.
   rElec:     It insulates you from electricity.
 k - a +0 orcbow
Armour
 d - a +0 helmet (worn)
 g - +0 acid dragon scales (worn)
 j - a +0 pair of boots (worn)
 n - a +0 cloak (worn)
Jewellery
 a - a +4 ring of slaying (right hand) {mikee}
 t - a +6 ring of dexterity (left hand)
 Y - a ring of protection from fire
Wands
 s - a wand of light (7)
Potions
 f - 3 potions of enlightenment
 l - a potion of might
 m - a potion of curing
 o - a potion of magic {unknown}
 p - a potion of mutation {unknown}

Dungeon Overview and Level Annotations

Branches:
Dungeon (10/15)            Temple (1/1) D:6            Lair (1/5) D:10
    Orc: D:9-12

Altars:
Ashenzari
Cheibriados
Dithmenos
Elyvilon
Fedhas
Gozag
Hepliaklqana
Kikubaaqudgha
Makhleb
Nemelex Xobeh
Okawaru
Qazlal
Ru
Sif Muna
Trog
Uskayaw
Vehumet
Wu Jian
Xom
Yredelemnul
Zin
The Shining One
Jiyva

Shops:
D:3 *!:=[

Annotations:
D:4 3 runed translucent doors, qw's ghost, novice SpHu
D:7 1 runed translucent door, Crazy Yiuf
D:9 exclusion: orc wizard
D:10 2 transporters


Message History

Enter note:
Enter note:
Enter note:
9489 ||| RETREEEEATING.
Enter note:
Enter note:
Enter note:
Enter note:
9490 ||| RETREEEEATING.
A blink frog comes into view.
Enter note:
Enter note:
Enter note:
Enter note:
9491 ||| RETREEEEATING.
Enter note:
Enter note:
Enter note:
Enter note:
9492 ||| RETREEEEATING.
The blink frog blinks!
Enter note:
Enter note:
Enter note:
Enter note:
9493 ||| RETREEEEATING.
A blink frog comes into view.
The komodo dragon attacks as it pursues you!
The komodo dragon bites you!!
You hear a croak.
The blink frog gives a loud, deep croak!
You shoot a sling bullet.
The sling bullet hits the komodo dragon!
The komodo dragon is moderately wounded.
You hear a loud, deep croak!
9495 ||| INVOKING Finesse.
You can now deal lightning-fast blows.
A blink frog comes into view.
The komodo dragon bites you!!
You die...

....................
....................
.#######>.#.#.###%..
#...#######..[
##########...#####.#...
..........Y.Y..........
....F..FY.Y............
....##l##.Y..........#
....#@#####.....%....#
.....^..................
................F......ยค
...................####.
...................#####
..F.....................
F.......................
......######..%.........
####............


You could see a komodo dragon, 2 yaks and 3 blink frogs.

Vanquished Creatures
  A two-headed ogre (D:10)
  Maurice (D:8)
  An oklob plant (D:10)
  A black mamba (Lair:1)
  Maggie (D:8)
  2 komodo dragons (Lair:1)
  Psyche (D:8)
  Grinder (D:3)
  2 blink frogs (Lair:1)
  Sigmund (D:2)
  A wraith (D:9)
  2 wyverns
  A vampire (D:10)
  6 yaks (D:9)
  2 steam dragons
  A basilisk (Lair:1)
  An acid dragon (D:10)
  A water moccasin (Lair:1)
  3 orc warriors
  2 ice beasts
  A sky beast (D:6)
  4 black bears
  3 centaurs
  2 kobold brigands
  2 bullfrogs
  5 scorpions
  A gnoll sergeant (D:10)
  4 wights (D:10)
  12 killer bees
  4 howler monkeys
  4 electric eels
  A bombardier beetle (D:4)
  A gnoll bouda (D:6)
  A hound (D:6)
  5 jellies
  6 orc priests
  3 iguanas
  2 sleepcaps
  9 orc wizards
  6 gnolls
  8 adders
  A shadow imp (D:8)
  A white imp (D:7)
  2 ufetubi (D:4)
  A ribbon worm (D:2)
  2 dart slugs
  27 orcs
  4 endoplasms
  3 giant cockroaches
  6 goblins
  5 hobgoblins
  2 jackals (D:5)
  5 quokkas
  11 ball pythons
  7 bats
  2 frilled lizards (D:1)
  12 kobolds
  3 rats
210 creatures vanquished.

Notes
Turn   | Place    | Note
-------+----------+-------------------------------------------
     0 | D:1      | qw the Deep Elf Hunter began the quest for the Orb.
     0 | D:1      | Reached XP level 1. HP: 12/12 MP: 3/3
     0 | D:1      | 0 ||| qw: Version: 0.3-a-155-g5e7d8dd
     0 | D:1      | 0 ||| qw: Game counter: 853
     0 | D:1      | 0 ||| qw: Melee chars always use a shield: true
     0 | D:1      | 0 ||| qw: God list: Okawaru
     0 | D:1      | 0 ||| qw: Allow faded altars: false
     0 | D:1      | 0 ||| qw: Do Orc after clearing Dungeon:15 true
     0 | D:1      | 0 ||| qw: Do second Lair branch before Depths: true
     0 | D:1      | 0 ||| qw: Lair rune preference: random
     0 | D:1      | 0 ||| qw: Goals: Normal
     0 | D:1      | 0 ||| PLANNING D:1-11
   121 | D:1      | Reached skill level 6 in Ranged Weapons
   121 | D:1      | Reached XP level 2. HP: 11/16 MP: 4/4
   443 | D:1      | Reached XP level 3. HP: 20/20 MP: 5/5
   607 | D:1      | 607 ||| UPGRADING to +0 ring mail.
   617 | D:1      | 617 ||| DROPPING +0 leather armour.
   618 | D:1      | 618 ||| READING scroll labelled YRRIMO CUGUAXTU.
   618 | D:1      | 618 ||| ENCHANTING +0 shortbow.
   619 | D:1      | 619 ||| READING scroll labelled NITSEOKETZ.
   619 | D:1      | 619 ||| IDENTIFYING silvery potion
   620 | D:1      | 620 ||| READING scroll labelled JUGGOU RIOJAUF.
   621 | D:1      | 621 ||| DROPPING scroll of butterflies.
   622 | D:1      | 622 ||| DROPPING potion of degeneration.
   927 | D:2      | Reached skill level 7 in Ranged Weapons
  1041 | D:2      | Noticed Sigmund
  1054 | D:2      | Killed Sigmund
  1055 | D:2      | Reached skill level 9 in Ranged Weapons
  1055 | D:2      | Reached XP level 4. HP: 10/25 MP: 6/6
  1055 | D:2      | Reached XP level 5. HP: 12/29 MP: 7/7
  1227 | D:2      | 1227 ||| UPGRADING to +0 helmet.
  1232 | D:2      | 1232 ||| UPGRADING to ring of resist corrosion.
  1233 | D:2      | 1233 ||| READING 2 scrolls labelled WIOCYC VYTAD.
  1234 | D:2      | 1234 ||| READING scroll labelled QAKHLU LEEQ.
  1235 | D:2      | 1235 ||| READING scroll labelled KOKOTSAXKE.
  1239 | D:2      | 1239 ||| DROPPING scroll of poison.
  1273 | D:3      | Found Hiruara's Jewellery Emporium.
  1287 | D:3      | 1287 ||| SHOPLISTING +4 ring of protection (468 gold, have
                  | 97).
  1287 | D:3      | 1287 ||| SHOPLISTING ring of fire (325 gold, have 97).
  1287 | D:3      | 1287 ||| SHOPLISTING ring of ice (325 gold, have 97).
  1287 | D:3      | 1287 ||| SHOPLISTING ring of willpower (325 gold, have 97).
  1289 | D:3      | Found a broken altar of Ashenzari.
  1338 | D:3      | Found Qodeoheof's Armour Boutique.
  1350 | D:3      | 1350 ||| BUYING +0 pair of boots (58 gold).
  1350 | D:3      | Bought a +0 pair of boots for 58 gold pieces
  1350 | D:3      | 1350 ||| SHOPLISTING +0 pair of gloves "Ucuxek" {Rampage
                  | rElec Will+} (313 gold, have 81).
  1350 | D:3      | 1350 ||| SHOPLISTING +3 leather armour of Geocu {rPois rC+}
                  | (457 gold, have 81).
  1355 | D:3      | Noticed Grinder
  1364 | D:3      | HP: 6/30 [Grinder (5)]
  1366 | D:3      | 1366 ||| FLEEEEING.
  1366 | D:3      | Paralysed by Grinder for 4 turns
  1372 | D:3      | Killed Grinder
  1373 | D:3      | Reached skill level 3 in Fighting
  1373 | D:3      | Reached XP level 6. HP: 10/37 MP: 8/8
  1719 | D:3      | Found a faded altar of an unknown god.
  1756 | D:3      | Found Extic's Distillery.
  1765 | D:3      | 1765 ||| SHOPLISTING 2 potions of enlightenment (100 gold,
                  | have 81).
  1765 | D:3      | 1765 ||| SHOPLISTING 2 potions of haste (200 gold, have
                  | 81).
  1765 | D:3      | 1765 ||| SHOPLISTING potion of resistance (100 gold, have
                  | 81).
  1794 | D:3      | Found Peuneti's Assorted Antiques.
  1803 | D:3      | 1803 ||| BUYING scroll labelled TYOSTR GOQONGA (24 gold).
  1803 | D:3      | Bought a scroll labelled TYOSTR GOQONGA for 24 gold pieces
  1803 | D:3      | Found an opulent altar of Gozag.
  1908 | D:3      | Found Meruidgh's Book Boutique.
  1948 | D:3      | 1948 ||| UPGRADING to +0 pair of boots.
  1953 | D:3      | 1953 ||| READING 2 scrolls of identify.
  1953 | D:3      | 1953 ||| IDENTIFYING puce potion
  1954 | D:3      | 1954 ||| READING scroll of identify.
  1954 | D:3      | 1954 ||| IDENTIFYING fizzy ruby potion
  1955 | D:3      | 1955 ||| READING scroll labelled CUESOXZ MEN PYO.
  2056 | D:3      | 2056 ||| READING 2 scrolls labelled COHYIG HOAPO.
  2057 | D:3      | 2057 ||| READING scroll labelled TYOSTR GOQONGA.
  2058 | D:3      | 2058 ||| DROPPING scroll of fear.
  2148 | D:4      | Identified the +4 sling of the Gloaming {speed, rElec rF+
                  | Str+3 Int+5}
  2150 | D:4      | 2150 ||| SWAPPING to +4 sling of the Gloaming {speed, rElec
                  | rF+ Str+3 Int+5}.
  2151 | D:4      | 2151 ||| DROPPING +1 shortbow.
  2170 | D:4      | Reached skill level 3 in Dodging
  2255 | D:4      | Reached skill level 1 in Armour
  2255 | D:4      | Reached XP level 7. HP: 41/41 MP: 9/9
  2398 | D:4      | Found a sparkling altar of Nemelex Xobeh.
  2550 | D:4      | Found a runed translucent gate.
  2550 | D:4      | Found a runed translucent gate.
  2550 | D:4      | Found a runed translucent gate.
  2555 | D:4      | Found an opulent altar of Gozag.
  2556 | D:4      | Noticed qw's ghost (novice SpHu)
  2707 | D:4      | Reached skill level 10 in Ranged Weapons
  2707 | D:4      | 2707 ||| UPGRADING to +4 ring of slaying {mikee}.
  2726 | D:4      | HP: 9/41 [burnt (2)]
  2999 | D:4      | 2999 ||| READING scroll labelled BUYFEO CEORIS.
  3118 | D:5      | Entered Level 5 of the Dungeon
  3180 | D:5      | Reached skill level 11 in Ranged Weapons
  3538 | D:5      | 3538 ||| STAIRDANCE
  3654 | D:5      | 3654 ||| STAIRDANCE
  3814 | D:5      | 3814 ||| STAIRDANCE
  4001 | D:5      | Reached XP level 8. HP: 42/46 MP: 10/10
  4026 | D:6      | 4026 ||| STAIRDANCE
  4076 | D:6      | Reached skill level 12 in Ranged Weapons
  4088 | D:6      | Found a sacrificial altar of Ru.
  4110 | D:6      | Found a radiant altar of Vehumet.
  4187 | D:6      | Found a shadowy altar of Dithmenos.
  4258 | D:6      | Found an ornate altar of the Wu Jian Council.
  4369 | D:6      | Reached skill level 13 in Ranged Weapons
  4512 | D:6      | Found a staircase to the Ecumenical Temple.
  4513 | D:6      | 4513 ||| PLANNING TEMPLE
  4521 | Temple   | Entered the Ecumenical Temple
  4522 | Temple   | 4522 ||| PLANNING D:1-11
  4818 | D:6      | Reached skill level 14 in Ranged Weapons
  4871 | D:6      | Reached XP level 9. HP: 49/51 MP: 11/11
  4928 | D:6      | 4928 ||| DRINKING potion of haste.
  4929 | D:6      | 4929 ||| RETREEEEATING.
  4930 | D:6      | 4930 ||| RETREEEEATING.
  4931 | D:6      | 4931 ||| RETREEEEATING.
  4941 | D:6      | 4941 ||| DRINKING 2 smoky amethyst potions.
  4942 | D:6      | 4942 ||| DROPPING wand of flame (22).
  4952 | D:5      | Found a snail-covered altar of Cheibriados.
  4957 | D:5      | Reached skill level 6 in Dodging
  5061 | D:5      | 5061 ||| DROPPING +6 ring of intelligence.
  5379 | D:6      | Found an iron altar of Okawaru.
  5379 | D:6      | Found a bloodstained altar of Trog.
  5380 | D:6      | 5380 ||| PLANNING OKAWARU WORSHIP
  5393 | D:6      | Became a worshipper of Warmaster Okawaru
  5394 | D:6      | 5394 ||| PLANNING D:1-11
  5424 | D:7      | Found a runed translucent door.
  5425 | D:7      | Noticed Crazy Yiuf
  6366 | D:7      | 6366 ||| DROPPING ring of flight.
  6367 | D:7      | 6367 ||| READING 2 scrolls of identify.
  6367 | D:7      | 6367 ||| IDENTIFYING black potion
  6368 | D:7      | 6368 ||| READING scroll of identify.
  6368 | D:7      | 6368 ||| IDENTIFYING blue potion
  6369 | D:7      | 6369 ||| READING scroll labelled CIZOXU DIUVIXI.
  6457 | D:7      | 6457 ||| READING scroll labelled JOCUCWI AFOPER.
  6458 | D:7      | 6458 ||| DROPPING potion of brilliance.
  6459 | D:7      | 6459 ||| DROPPING potion of invisibility.
  6531 | D:8      | Noticed Maggie
  6532 | D:8      | 6532 ||| DRINKING 2 potions of haste.
  6548 | D:8      | Killed Maggie
  6625 | D:8      | Reached * piety under Okawaru
  6804 | D:8      | Noticed Psyche
  6805 | D:8      | 6805 ||| INVOKING Heroism.
  6806 | D:8      | 6806 ||| DRINKING potion of haste.
  6814 | D:8      | Killed Psyche
  6872 | D:8      | Reached skill level 1 in Invocations
  6956 | D:8      | Noticed Maurice
  6957 | D:8      | 6957 ||| INVOKING Heroism.
  6960 | D:8      | Maurice stole a ring of fire
  6966 | D:8      | 6966 ||| DRINKING 2 potions of curing.
  6966 | D:8      | 6966 ||| (to cure confusion)
  6970 | D:8      | Maurice stole a +0 orcbow
  6971 | D:8      | Killed Maurice
  6972 | D:8      | Reached skill level 9 in Dodging
  6972 | D:8      | Reached XP level 10. HP: 48/59 MP: 7/13
  7214 | D:8      | HP: 14/59 [poisoned by a killer bee]
  7215 | D:8      | 7215 ||| READING scroll of teleportation.
  7218 | D:8      | Reached skill level 3 in Invocations
  7219 | D:8      | HP: 8/59 [poisoned by a killer bee]
  7483 | D:8      | 7483 ||| UPGRADING to +0 acid dragon scales.
  7493 | D:8      | 7493 ||| REMOVING ring of resist corrosion.
  7494 | D:8      | 7494 ||| DROPPING +0 ring mail.
  7495 | D:8      | 7495 ||| UPGRADING to +0 cloak.
  7500 | D:8      | 7500 ||| UPGRADING to ring of positive energy.
  7501 | D:8      | 7501 ||| DRINKING 2 gluggy blue potions.
  7556 | D:8      | 7556 ||| DROPPING potion of lignification.
  7622 | D:9      | 7622 ||| RETREEEEATING.
  7625 | D:9      | 7625 ||| RETREEEEATING.
  7626 | D:9      | 7626 ||| RETREEEEATING.
  7627 | D:9      | 7627 ||| RETREEEEATING.
  7628 | D:9      | 7628 ||| RETREEEEATING.
  7629 | D:9      | 7629 ||| RETREEEEATING.
  7630 | D:9      | 7630 ||| RETREEEEATING.
  7729 | D:9      | Reached ** piety under Okawaru
  7737 | D:9      | Reached skill level 3 in Armour
  7969 | D:9      | 7969 ||| RETREEEEATING.
  7970 | D:9      | 7970 ||| INVOKING Heroism.
  7973 | D:9      | Reached skill level 6 in Fighting
  8285 | D:9      | Found a glowing silver altar of Zin.
  8285 | D:9      | Noticed an angel
  8472 | D:10     | Entered Level 10 of the Dungeon
  8532 | D:10     | Reached *** piety under Okawaru
  8607 | D:10     | 8607 ||| RETREEEEATING.
  8732 | D:10     | Found a staircase to the Lair.
  8732 | D:10     | Noticed an oklob plant
  8733 | D:10     | 8733 ||| INVOKING Heroism.
  8746 | D:10     | Killed an oklob plant
  8865 | D:10     | Noticed a two-headed ogre
  8866 | D:10     | 8866 ||| INVOKING Heroism.
  8877 | D:10     | Killed a two-headed ogre
  8877 | D:10     | Reached **** piety under Okawaru
  8878 | D:10     | Reached XP level 11. HP: 67/67 MP: 13/16
  8962 | D:10     | Found a viscous altar of Jiyva.
  8962 | D:10     | Found a transporter.
  9003 | D:10     | Found a transporter.
  9227 | D:10     | 9227 ||| PLANNING LAIR
  9227 | D:10     | 9227 ||| DROPPING ring of resist corrosion.
  9228 | D:10     | 9228 ||| DROPPING ring of fire.
  9229 | D:10     | 9229 ||| UPGRADING to ring of protection from fire.
  9231 | D:10     | 9231 ||| UPGRADING to +6 ring of dexterity.
  9233 | D:10     | 9233 ||| DROPPING ring of positive energy.
  9234 | D:10     | 9234 ||| READING scroll of identify.
  9234 | D:10     | 9234 ||| IDENTIFYING sedimented pink potion
  9235 | D:10     | 9235 ||| READING scroll labelled UZIUMA GEZYE.
  9281 | Lair:1   | Entered Level 1 of the Lair of Beasts
  9468 | Lair:1   | 9468 ||| RETREEEEATING.
  9471 | Lair:1   | 9471 ||| RETREEEEATING.
  9475 | Lair:1   | 9475 ||| RETREEEEATING.
  9476 | Lair:1   | 9476 ||| RETREEEEATING.
  9477 | Lair:1   | 9477 ||| RETREEEEATING.
  9478 | Lair:1   | 9478 ||| RETREEEEATING.
  9479 | Lair:1   | 9479 ||| RETREEEEATING.
  9480 | Lair:1   | 9480 ||| RETREEEEATING.
  9481 | Lair:1   | 9481 ||| RETREEEEATING.
  9482 | Lair:1   | 9482 ||| RETREEEEATING.
  9483 | Lair:1   | 9483 ||| RETREEEEATING.
  9484 | Lair:1   | 9484 ||| RETREEEEATING.
  9485 | Lair:1   | 9485 ||| RETREEEEATING.
  9486 | Lair:1   | 9486 ||| RETREEEEATING.
  9487 | Lair:1   | 9487 ||| RETREEEEATING.
  9488 | Lair:1   | 9488 ||| RETREEEEATING.
  9489 | Lair:1   | 9489 ||| RETREEEEATING.
  9490 | Lair:1   | 9490 ||| RETREEEEATING.
  9491 | Lair:1   | 9491 ||| RETREEEEATING.
  9492 | Lair:1   | 9492 ||| RETREEEEATING.
  9493 | Lair:1   | 9493 ||| RETREEEEATING.
  9493 | Lair:1   | HP: 7/67 [komodo dragon (29)]
  9495 | Lair:1   | 9495 ||| INVOKING Finesse.
  9495 | Lair:1   | Mangled by a komodo dragon

Levels and vault maps discovered:
D:1:      dpeg_arrival_refuge, layout_basic, nrook_loot_triangle,
          glass_columns_b
D:2:      layout_basic, uniq_sigmund
D:3:      layout_basic, mainiacjoe_overflow_concentric_impassable,
          amcnicky_altar_gilded, serial_shops, nicolae_shop_hallway_stairs,
          shop, shop, shop, nicolae_shop_temple_entry_statues_fountains,
          chequers_ecumenical_altar_island, st_stairs_5,
          corexii_item_surrounded_by_moat, uniq_grinder
D:4:      layout_loops_ring, mainiacjoe_overflow_six_doors_small,
          ebering_ghost_gozag
D:5:      layout_basic, kennysheep_slug_shrine
D:6:      kb_forest_paths, layout_cave_pools, marbit_many_paths,
          pdpol_wu_jian_five_deadly_venoms, vehumet_crystals,
          nicolae_ru_great_annihilating_truth, nicolae_overflow_two_pavilions,
          kennysheep_small_spiral
D:7:      layout_layer_cave, uniq_crazy_yiuf_cottage
D:8:      layout_gridville, uniq_psyche, uniq_maurice, uniq_maggie
D:9:      layout_long_grid, zin_angel, erik_orc_2
D:10:     gammafunk_jiyva_shrine, layout_basic, dpeg_oklobed_lair
Temple:   chequers_temple_sunken
Lair:1:   layout_long_grid

Skill      XL: |  1  2  3  4  5  6  7  8  9 10 11 |
---------------+----------------------------------+-----
Ranged Weapons | 6 9 11 14 | 14.1
Fighting       | 3 5 7 |  7.0
Dodging        | 3 4 5 9 10 11 | 11.4
Armour         | 1 2 4 |  4.3
Invocations    | 2 4 5 |  5.4
Stealth        | |  1.2

Action                     |  1- 3 |  4- 6 |  7- 9 | 10-12 || total
---------------------------+-------+-------+-------+-------++-------
   Fire: Shortbow          |   141 |    62 |       |       ||   203
         Sling             |       |     6 |   359 |   345 ||   710
 Invoke: Heroism           |       |       |     2 |     3 ||     5
         Finesse           |       |       |       |     1 ||     1
    Use: Scroll            |     3 |     8 |     5 |     3 ||    19
         Potion            |       |       |     5 |     1 ||     6
 Armour: Leather armour    |    16 |       |       |       ||    16
         Ring mail         |    29 |    16 |    61 |    13 ||   119
         Acid dragon scale |       |       |       |    30 ||    30
  Dodge: Dodged            |    36 |     8 |    45 |    65 ||   154

Table legend:
 A = Non-vault XP
 B = Vault XP
 C = Vault XP percentage of total XP
 D = Non-vault monster count
 E = Vault monster count
 F = Vault count percentage of total count
                 A         B        C        D         E       F
            +---------+---------+-------+---------+---------+-------
      Total |   10011 |    3428 |  25.5 |     172 |      38 |  18.1
            +---------+---------+-------+---------+---------+-------
        D:1 |      44 |       0 |   0.0 |      28 |       0 |   0.0
        D:2 |      33 |     226 |  87.3 |      10 |       1 |   9.1
        D:3 |      40 |     284 |  87.7 |      13 |       4 |  23.5
        D:4 |     351 |       0 |   0.0 |      14 |       0 |   0.0
        D:5 |     747 |       4 |   0.5 |      16 |       1 |   5.9
        D:6 |     911 |     727 |  44.4 |      21 |      11 |  34.4
        D:7 |     421 |       0 |   0.0 |       7 |       0 |   0.0
        D:8 |     777 |    1309 |  62.8 |      12 |       3 |  20.0
        D:9 |    2358 |     328 |  12.2 |      20 |      17 |  45.9
       D:10 |    2227 |     550 |  19.8 |      24 |       1 |   4.0
     Lair:1 |    2102 |       0 |   0.0 |       7 |       0 |   0.0
            +---------+---------+-------+---------+---------+-------
